 Dungeon Crawl Stone Soup version 0.20-a0-1122-gb7cbeb9 (webtiles) character file.

37 anfisbena the Sneak (level 3, 0/19 HPs)
             Began as a Vine Stalker Fighter on May 14, 2017.
             Slain by Robin
             ... wielding a +0 spear
              (2 damage)
             ... on level 2 of the Dungeon.
             The game lasted 00:02:03 (2212 turns).

anfisbena the Sneak (Vine Stalker Fighter)          Turns: 2212, Time: 00:02:04

Health: 0/19       AC:  3    Str: 18    XL:     3   Next: 41%
Magic:  0/4        EV: 11    Int:  8    God:
Gold:   50         SH:  0    Dex: 14    Spells: 2/2 levels left

rFire    . . .     SeeInvis .   a - +0 long sword
rCold    . . .     Gourm    .   (no shield)
rNeg     . . .     Faith    .   p - +0 leather armour
rPois    .         Spirit   +   (no helmet)
rElec    .         Reflect  .   (no cloak)
rCorr    .         Harm     .   (no gloves)
MR       .....                  (no boots)
Stlth    ++........             (no amulet)
Regen    0.1/turn               g - ring of flight
MPRegen  0.1/turn               (no ring)

@: no status effects
A: fangs 2, magic shield, antimagic bite, no potion heal 3, rot immunity
a: Evoke Flight


You were on level 2 of the Dungeon.
You were not hungry.

You visited 1 branch of the dungeon, and saw 2 of its levels.

You collected 50 gold pieces.

Inventory:

Hand Weapons
 a - a +0 long sword (weapon)
Armour
 p - a +0 leather armour (worn)
Jewellery
 g - a ring of flight (left hand)
Scrolls
 c - 3 scrolls of enchant armour {unknown}
 e - a scroll of teleportation {unknown}
 h - a scroll of remove curse {unknown}
 l - a scroll of random uselessness {unknown}
 m - a scroll of amnesia {unknown}
 n - a scroll of identify {unknown}
Potions
 d - a potion of might
 i - a potion of curing {unknown}
 k - a potion of degeneration {unknown}
Comestibles
 b - 2 royal jellies
 f - 2 bread rations
 o - 2 chunks of flesh


   Skills:
 - Level 2.6 Fighting
 - Level 1.7 Long Blades
 - Level 2.4 Armour
 + Level 3.9 Stealth
   Level 2.6 Shields


You had 2 spell levels left.
You didn't know any spells.

Dungeon Overview and Level Annotations

Branches:
Dungeon (2/15)

Altars:

Annotations:
D:2 Robin


Innate Abilities, Weirdness & Mutations

You have extremely sharp teeth.
When hurt, damage is shared between your health and your magic reserves.
Your bite disrupts and absorbs the magic of your enemies.
Potions cannot restore your health.
You are immune to rotting.


Message History

The goblin closely misses you.
You slash the goblin!
You kill the goblin!
The hobgoblin hits you.
Robin's horned helmet rattles.
Robin closely misses you. The hobgoblin barely misses you.
Things that are here:
a club; a goblin corpse You closely miss the hobgoblin.
The hobgoblin barely misses you. Robin hits you but does no damage.
You barely miss the hobgoblin. The hobgoblin hits you.
* * * LOW HITPOINT WARNING * * *
Robin barely misses you. The hobgoblin closely misses you.
You slash the hobgoblin!
You kill the hobgoblin!
Robin throws the goblin at you! The goblin hits you with a dagger.
* * * LOW HITPOINT WARNING * * *
Robin hits you from afar with a spear.
You die...

#.# #.# #.# #.# #. #.# #.#
### #.## ####.#######.. ?.#
....#####............# #.#
............# #.# #.#
....##.#.#g## #.# #.#
#..##..###@#####.#####.####
#..##.##
##ggg..<..รท....)..
#.)...## ##.###.####<###..
#..#.#.# ##.## #.# #.#b...
.#.#...#..###.#####.#
#.#.#.#
......#.....#........#
#g#.#g#
#.............#####..# #.#
#g# ..##.#####............#
#.. ..# . ...##
#.#########.## #.# #.g


You could see Robin, 2 hobgoblins and a goblin.

Vanquished Creatures
  An ooze (D:1)
  A worm (D:1)
  3 bats
  3 hobgoblins
  A jackal (D:1)
  A quokka (D:1)
  A frilled lizard (D:1)
  8 goblins
  6 kobolds
  3 rats
28 creatures vanquished.

Notes
Turn   | Place    | Note
-------+----------+-------------------------------------------
     0 | D:1      | anfisbena the Vine Stalker Fighter began the quest for the Orb.
     0 | D:1      | Reached XP level 1. HP: 11/11 MP: 2/2
   163 | D:1      | Reached skill level 1 in Stealth
   854 | D:1      | Reached skill level 2 in Stealth
   885 | D:1      | Reached XP level 2. HP: 16/16 MP: 3/3
  1355 | D:1      | Reached skill level 3 in Stealth
  1762 | D:2      | Reached XP level 3. HP: 15/19 MP: 2/4
  1853 | D:2      | Noticed Robin
  2212 | D:2      | Slain by Robin

Vault maps used:
D:1:      evilmike_arrival_run_for_it
D:2:      first_bread, uniq_robin

Skill      XL: |  1  2 |
---------------+-------+-----
Stealth        | 2 3 |  3.9
Fighting       | |  2.6
Long Blades    | |  1.7
Armour         | |  2.4
Shields        | |  2.6

Action                   || total
-------------------------++-------
Melee: Long sword        ||    55
       Bite              ||    13
 Stab: Sleeping          ||     4
  Eat: Chunk             ||     4
Armor: Robe              ||     9
       Leather armour    ||     2
Dodge: Dodged            ||    39
       Rpst.: Long sword ||    13
